 Dungeon Crawl Stone Soup version 0.26.1-11-gd32895ea62 (webtiles) character file.

Game seed: 1471825108617399519

172 Arcadio the Grave Robber (level 5, -1/39 HPs)
             Began as a Hill Orc Necromancer on May 21, 2021.
             Killed from afar by Grinder (9 damage)
             ... with a puff of flame
             ... on level 3 of the Dungeon.
             The game lasted 00:11:18 (5429 turns).

Arcadio the Grave Robber (Hill Orc Necromancer)     Turns: 5429, Time: 00:11:19

Health: -1/39      AC:  2    Str: 11    XL:     5   Next: 52%
Magic:  5/7        EV: 13    Int: 16    God:
Gold:   135        SH:  0    Dex: 11    Spells: 2/7 levels left

rFire    . . .     SeeInvis .   m - +0 dagger
rCold    . . .     Faith    .   (no shield)
rNeg     . . .     Spirit   .   a - +0 robe
rPois    .         Reflect  .   (no helmet)
rElec    .         Harm     .   (no cloak)
rCorr    .         Rampage  .   (no gloves)
Will     .....                  (no boots)
Stlth    ++........             (no amulet)
HPRegen  0.13/turn              (no ring)
MPRegen  0.10/turn              (no ring)

@: no status effects
A: no striking features
a: no special abilities


You were on level 3 of the Dungeon.
You visited 1 branch of the dungeon, and saw 3 of its levels.

You collected 135 gold pieces.

Inventory:

Hand Weapons
 c - a +0 club
 h - a cursed -1 mace
 j - a +1 vorpal hand axe
 m - a +0 dagger (weapon)
 n - a +0 mace of holy wrath
 o - a +0 mace of holy wrath
 p - a +1 mace of draining
Armour
 a - a +0 robe (worn)
 k - a +0 pair of boots
Jewellery
 g - an uncursed ring of protection from cold {unknown}
Wands
 l - a wand of random effects (22)
Scrolls
 s - a scroll of identify
Potions
 d - a potion of mutation
 e - a potion of curing
 r - a potion of brilliance


   Skills:
 - Level 0.6 Fighting
 + Level 2.8 Dodging
 - Level 1.5 Stealth
 - Level 1.5 Spellcasting
 + Level 5.8 Necromancy


You had 2 spell levels left.
You knew the following spells:

 Your Spells              Type           Power        Failure   Level
a - Pain                  Necr           80%          1%          1
b - Animate Skeleton      Necr           40%          1%          1
c - Vampiric Draining     Necr           10%          6%          3

Your spell library contained the following spells:

 Spells                   Type           Power        Failure   Level
 Animate Dead             Necr           10%          19%         4
 Agony                    Necr           20%          47%         5


Dungeon Overview and Level Annotations

Branches:
Dungeon (3/15)

Altars:
Ru
Vehumet

Annotations:
D:3 1 runed translucent door, Crazy Yiuf, Grinder


Message History

The gnoll shaman writhes in agony!
You kill the gnoll shaman!
Grinder shouts!
Grinder gestures at you. You resist with significant effort.
Grinder gestures at you.
You suddenly lose the ability to move!
Grinder gestures at you.
You shrug off the repeated paralysis!
You are no longer glowing.
Grinder hits you.
You writhe in agony.
Grinder blinks!
You can move again.
Items here: ) ? [ †.
You see here a mace.
You see here a mace.
Grinder zaps a wand.
The puff of flame hits you!
* * * LOW HITPOINT WARNING * * *
Grinder zaps a wand.
The puff of flame hits you!
You die...

######..#.#..#.###
###.##........# #
#...###....####
###.########.#.###....###
.....).........#......))#
####.#######.###.....)..#
... ...# #.)...).)##
#.... #.#### #.)....)).#
.!... .. #@)..).)))#
+#... .. #........)# #...
. #........)# #l..
##.##+##).# ##.#...#))#
#.5#...#).# #.)#..)#.)#
#.)#####)## ##...5)..#


You could see Grinder.

Vanquished Creatures
  A gnoll shaman (D:3)
  A worker ant (D:2)
  3 adders
  3 oozes
  2 worms (D:3)
  4 dart slugs
  2 leopard geckos
  2 orcs
  5 giant cockroaches
  8 goblins
  11 hobgoblins
  2 jackals (D:1)
  4 kobolds
  9 bats
  6 rats
63 creatures vanquished.

Notes
Turn   | Place    | Note
-------+----------+-------------------------------------------
     0 | D:1      | Arcadio the Hill Orc Necromancer began the quest for the
                  | Orb.
     0 | D:1      | Reached XP level 1. HP: 14/14 MP: 3/3
    16 | D:1      | Learned a level 1 spell: Animate Skeleton
   304 | D:1      | Reached XP level 2. HP: 2/22 MP: 0/4
  1013 | D:1      | Reached XP level 3. HP: 4/27 MP: 2/5
  1526 | D:1      | Learned a level 3 spell: Vampiric Draining
  1940 | D:2      | Found a radiant altar of Vehumet.
  1969 | D:2      | Reached skill level 5 in Necromancy
  2390 | D:2      | Found a sacrificial altar of Ru.
  3182 | D:2      | Reached XP level 4. HP: 32/34 MP: 4/6
  4057 | D:3      | Found a runed translucent door.
  4060 | D:3      | Noticed Crazy Yiuf
  4519 | D:3      | Reached XP level 5. HP: 30/39 MP: 2/7
  5189 | D:3      | Noticed Grinder
  5414 | D:3      | Paralysed by Grinder for 6 turns
  5429 | D:3      | Killed from afar by Grinder

Illustrated notes

Levels and vault maps discovered:
D:1:      dpeg_arrival_short_road, layout_basic
D:2:      layout_basic, hangedman_ru_absence, vehumet_crystals
D:3:      layout_rooms, lemuel_round_altar, minmay_misc_feat_encased,
          grunt_ministairs_15, st_stairs_13, chequers_serial_rivers_micro_b,
          minmay_three_crescents, uniq_crazy_yiuf_cottage, uniq_grinder

Skill      XL: |  1  2  3  4 |
---------------+-------------+-----
Necromancy     | 5 |  5.8
Dodging        | 2 |  2.8
Fighting       | |  0.6
Stealth        | |  1.5
Spellcasting   | |  1.5

Action                   |  1- 3 |  4- 6 || total
-------------------------+-------+-------++-------
Melee: Club              |    39 |       ||    39
       Dagger            |       |    21 ||    21
 Cast: Pain              |    75 |    84 ||   159
       Animate Skeleton  |       |     1 ||     1
  Use: Scroll            |       |     7 ||     7
       Potion            |       |     1 ||     1
 Stab: Sleeping          |     2 |       ||     2
Armor: Robe              |    27 |     3 ||    30
Dodge: Dodged            |    65 |    22 ||    87
